 Dungeon Crawl Stone Soup version 0.26-a0-708-g17f3b190f9 (webtiles) character file.

Game seed: 10314539806859656962

166968 Froggeryz the Brawler (level 17, -2/113 HPs)
             Began as a Gargoyle Monk on Oct 27, 2020.
             Was the Champion of Okawaru.
             Slain by a shambling mangrove (8 damage)
             ... on level 4 of the Swamp on Oct 29, 2020.
             The game lasted 00:51:51 (25980 turns).

Froggeryz the Brawler (Gargoyle Monk)              Turns: 25980, Time: 00:51:52

Health: -2/113     AC: 30    Str: 26    XL:     17   Next: 91%
Magic:  29/29      EV:  7    Int: 14    God:    Okawaru [******]
Gold:   2060       SH: 21    Dex: 15    Spells: 32/32 levels left

rFire    + . .     SeeInvis .     - Unarmed
rCold    + . .     Faith    .   Q - +1 kite shield {rC+}
rNeg     + + .     Spirit   .   H - +2 chain mail {rF+}
rPois    ∞         Reflect  +   B - +0 hat "Yhocwy" {+Blink Regen+} (curse)
rElec    +         Harm     .   P - -3 cloak of the Furrier {Str+7 Slay+2} (curse)
rCorr    .         Rampage  .   c - +0 pair of gloves {archery}
MR       ++...                  (no boots)
Stlth    ..........             p - amulet of reflection
HPRegen  0.68/turn              f - ring "Reastri" {rN+ MR+ Dex+3}
MPRegen  0.21/turn              R - +4 ring of protection

@: grasped by roots, flying, constricted, studying Spellcasting
A: big wings, negative energy resistance 1, electricity resistance, unbreathing,
petrification resistance, rot immunity, AC +12
a: Stop Flying, Heroism, Finesse, Renounce Religion, Evoke Blink


You were on level 4 of the Swamp.
You worshipped Okawaru.
Okawaru was exalted by your worship.
You visited 5 branches of the dungeon, and saw 27 of its levels.
You also visited: Bailey, Ice Cave and Volcano.

You collected 3840 gold pieces.
You spent 1780 gold pieces at shops.

Inventory:

Missiles
 r - 12 curare-tipped darts
 N - 13 javelins (quivered)
Armour
 c - a +0 pair of gloves of archery (worn)
 B - the cursed +0 hat "Yhocwy" (worn) {+Blink Regen+}
   (You found it on level 2 of the Lair of Beasts)

   It lets you blink.
   It increases your rate of regeneration.
   It has a curse placed upon it.
 H - a +2 chain mail of fire resistance (worn)
 P - the cursed -3 cloak of the Furrier (worn) {Str+7 Slay+2}
   (You found it on level 11 of the Dungeon)

   It affects your strength (+7).
   It affects your accuracy and damage with ranged weapons and melee attacks
   (+2).
   It has a curse placed upon it.
 Q - a +1 kite shield of cold resistance (worn)
Jewellery
 f - the ring "Reastri" (left hand) {rN+ MR+ Dex+3}
   (You acquired it on level 4 of the Dungeon)

   [ring of protection from magic]

   It affects your dexterity (+3).
   It protects you from negative energy.
   It affects your resistance to hostile enchantments.
 p - an amulet of reflection (around neck)
 R - a +4 ring of protection (right hand)
Wands
 i - a wand of enslavement (7)
 v - a wand of flame (54)
 y - a wand of disintegration (12)
 C - a wand of acid (17)
 D - a wand of polymorph (15)
 E - a wand of random effects (9)
 G - a wand of paralysis (15)
Scrolls
 e - 5 scrolls of identify
 h - 4 scrolls of blinking
 j - 6 scrolls of amnesia
 k - a scroll of silence {unknown}
 m - 13 scrolls of teleportation
 o - 4 scrolls of enchant weapon
 s - 7 scrolls of remove curse
 t - 6 scrolls of fear
 I - 3 scrolls of magic mapping
 K - a scroll of brand weapon
 L - 2 scrolls of fog
Potions
 a - 2 potions of ambrosia
 b - 11 potions of magic
 d - 10 potions of mutation
 g - 11 potions of curing
 l - 2 potions of berserk rage
 n - a potion of resistance
 q - 10 potions of might
 z - 3 potions of lignification
 A - 16 potions of heal wounds
 F - 5 potions of haste
 O - a potion of cancellation
Books
 M - a manual of Spellcasting


   Skills:
 + Level 15.0 Fighting
 - Level 5.0 Throwing
 - Level 10.0 Armour
 - Level 2.4 Dodging
 - Level 2.1 Stealth
 - Level 15.0 Shields
 + Level 18.7 Unarmed Combat
 - Level 8.3 Spellcasting
 - Level 4.0 Invocations
 - Level 5.1 Evocations


You had 32 spell levels left.
You didn't know any spells.
Your spell library contained the following spells:

 Spells                   Type           Power        Failure   Level
 Apportation              Tloc           #.....       50%         1
 Corona                   Hex            #......      50%         1
 Freeze                   Ice            #...         50%         1
 Sandblast                Erth           #.....       50%         1
 Shock                    Conj/Air       #...         50%         1
 Ensorcelled Hibernation  Hex/Ice        #.....       65%         2
 Passwall                 Tmut/Erth      #.......     65%         2
 Swiftness                Air            #.......     65%         2
 Confusing Touch          Hex            #.......     86%         3
 Dazzling Flash           Conj/Hex       #.....       86%         3
 Frozen Ramparts          Ice            #.....       86%         3
 Lesser Beckoning         Tloc           #.........   86%         3
 Ozocubu's Armour         Ice            #.......     86%         3
 Static Discharge         Conj/Air       #.......     86%         3
 Stone Arrow              Conj/Erth      #.....       86%         3
 Tukima's Dance           Hex            #.......     86%         3
 Airstrike                Air            #.........   99%         4
 Hailstorm                Conj/Ice       #.......     99%         4
 Petrify                  Tmut/Erth      #.......     99%         4
 Summon Ice Beast         Ice/Summ       #.......     99%         4
 Alistair's Intoxication  Tmut/Pois      #........    100%        5
 Lee's Rapid Deconstruct  Erth           #.........   100%        5
 Lightning Bolt           Conj/Air       #.........   100%        5
 Invisibility             Hex            #.......     100%        6


Dungeon Overview and Level Annotations

Branches:
Dungeon (14/15)            Temple (1/1) D:6            Lair (6/6) D:9
  Swamp (4/4) Lair:2        Snake (0/4) Lair:4        Slime (0/5) Lair:6
    Orc (2/2) D:11            Elf (0/3) Orc:2        Vaults (0/5) D:14
 Bailey (visited)           IceCv (visited)         Volcano (visited)

Altars:
Ashenzari
Cheibriados
Dithmenos
Elyvilon
Fedhas
Gozag
Hepliaklqana
Kikubaaqudgha
Makhleb
Nemelex Xobeh
Okawaru
Qazlal
Ru
Sif Muna
Trog
Uskayaw
Vehumet
Wu Jian
Xom
Yredelemnul
Zin
The Shining One
Beogh
Jiyva

Shops:
D:8 [[?}   D:9 :   Orc:1 !==   Orc:2 (=?[!

Annotations:
Lair:2 exclusion: 3 doors


Innate Abilities, Weirdness & Mutations

You are resistant to torment.
Your stone body is resilient. (AC +12)
You are immune to poison.
Your large and strong wings let you fly indefinitely.
You resist negative energy. (rN+)
You are resistant to electric shocks. (rElec)
You can survive without breathing.
You are immune to petrification.
You are immune to rotting.


Message History

You punch the shambling mangrove!
The shambling mangrove is lightly damaged.
You pummel the shambling mangrove!!
The shambling mangrove is heavily damaged.
You block the shambling mangrove's attack.
The grasping roots constrict you.
You punch the shambling mangrove!
The shambling mangrove is severely damaged.
You hit the shambling mangrove but do no damage.
The shambling mangrove is severely damaged.
You block the shambling mangrove's attack.
* * * LOW HITPOINT WARNING * * *
The grasping roots constrict you!
You barely miss the shambling mangrove.
The shambling mangrove is severely damaged.
You hit the shambling mangrove but do no damage.
The shambling mangrove is severely damaged.
The shambling mangrove hits you!!
* * * LOW HITPOINT WARNING * * *
You die...

≈≈≈≈≈≈.♣≈♣##.......##♣≈..♣♣≈≈≈..
≈≈≈≈≈≈≈≈≈##.........##♣≈.♣..≈..≈
≈≈≈≈≈.≈[♣##.........##♣≈≈♣§.....
≈≈≈≈..≈.♣##.........#♣≈≈≈♣♣♣♣..♣
≈..≈≈(≈≈.# #.......##♣≈≈.♣.≈≈..♣
...≈≈≈≈.≈♣♣#?......#♣≈...≈≈≈≈.§♣
♣≈.≈≈≈≈....##.....##≈≈...♣..♣♣♣♣
♣♣♣.≈≈...≈.♣##f..##♣.≈..♣♣♣♣♣
♣♣≈.≈.≈≈≈≈°##@##÷÷..≈♣♣
♣≈.≈≈≈≈.....†.≈÷..≈♣♣
♣♣.≈≈≈≈≈≈≈.♣≈♣≈♣♣♣♣♣
♣♣)≈≈.≈≈≈.♣♣♣♣♣ ♣♣♣≈..≈..♣
♣♣♣♣♣≈♣♣ ♣♣♣


You could see a shambling mangrove.

Vanquished Creatures
  3 thorn hunters
  A frost giant (IceCv)
  A stone giant (Volcano)
  2 vault guards (D:14)
  Josephine (Swamp:1)
  The ghost of Froggeryz the Grappler, a journeyman GrMo of Okawaru (Lair:4)
  Fannar (Orc:1)
  2 shambling mangroves
  22 hydras
  A boulder beetle (Lair:4)
  3 centaur warriors
  2 ghost crabs
  8 two-headed ogres
  7 alligators
  6 death yaks (Lair:6)
  A tengu warrior (D:13)
  Urug (D:10)
  Sonja (Lair:4)
  3 skeletal warriors (D:13)
  4 spriggan druids
  2 unseen horrors (D:14)
  9 swamp dragons
  3 wizards (D:14)
  10 orc knights
  A wolf spider zombie (D:14)
  2 necromancers (D:14)
  5 ugly things
  A deep elf mage (D:14)
  2 cyclopes
  An orc sorcerer (Orc:2)
  9 elephants
  2 manticores
  2 molten gargoyles (Volcano)
  4 black mambas
  3 centaur skeletons
  3 gargoyles
  3 ice statues (IceCv)
  18 cane toads
  A rime drake (Lair:1)
  9 komodo dragons
  An efreet (Volcano)
  7 tyrant leeches
  15 hornets
  5 trolls
  2 meliai (D:12)
  A jumping spider (Lair:2)
  A queen bee (D:12)
  16 polar bears
  3 bog bodies
  10 blink frogs
  5 slime creatures (Swamp:2)
  12 dream sheep (Lair:6)
  3 water elementals (D:14)
  A yak (shapeshifter) (D:14)
  A tarantella (Lair:2)
  4 wraiths
  2 shadows
  2 vampires
  68 yaks
  16 spriggans
  16 humans (D:14)
  3 wyverns
  A steam dragon (Lair:2)
  A fire bat (Volcano)
  3 basilisks
  15 swamp worms
  21 vampire mosquitoes
  17 water moccasins
  11 wargs
  6 insubstantial wisps (Swamp:4)
  Duvessa (D:7)
  43 orc warriors
  14 swamp drakes
  6 sky beasts
  6 black bears
  A meliai simulacrum (D:14)
  A hornet zombie (D:12)
  2 eyes of draining
  30 wolves
  5 boggarts (Lair:6)
  A necrophage (D:12)
  8 ogres
  2 phantoms
  18 centaurs
  4 big kobolds
  26 bullfrogs
  2 earth elementals (Volcano)
  4 scorpions
  Dowan (D:7)
  3 wights (D:7)
  21 killer bees
  6 howler monkeys
  4 electric eels (D:14)
  2 vampire bats (Lair:5)
  6 lava snakes
  11 hounds
  A bullfrog skeleton (D:6)
  3 quasits
  Crazy Yiuf (D:7)
  10 orc priests
  4 iguanas
  2 jellies
  16 orc wizards
  4 bullfrog zombies
  12 worker ants
  7 hound skeletons
  A hound zombie (D:9)
  3 worker ant zombies
  16 gnolls
  3 howler monkey skeletons
  8 adders
  3 shadow imps
  6 white imps
  3 ufetubi
  An ooze (D:5)
  An adder zombie (D:5)
  4 adder skeletons
  3 worms
  10 leopard geckos
  104 orcs
  3 giant cockroaches
  14 goblins
  20 hobgoblins
  13 jackals
  7 quokkas
  4 ball pythons
  14 bats
  4 frilled lizards
  29 kobolds
  A leopard gecko skeleton (D:8)
  A quokka skeleton (D:6)
  6 rats (D:2)
1000 creatures vanquished.

Vanquished Creatures (others)
  A swamp dragon (Swamp:4)
  A hornet (Swamp:4)
  2 spriggans (Swamp:4)
  A wolf (IceCv)
  3 briar patches (Swamp:3)
  3 bushes (Lair:6)
  41 fungi
  33 plants
85 creatures vanquished.

Grand Total: 1085 creatures vanquished

Notes
Turn   | Place    | Note
-------+----------+-------------------------------------------
     0 | D:1      | Froggeryz the Gargoyle Monk began the quest for the Orb.
     0 | D:1      | Reached XP level 1. HP: 14/14 MP: 1/1
   457 | D:1      | Reached XP level 2. HP: 19/19 MP: 2/2
   991 | D:2      | Reached skill level 4 in Unarmed Combat
  1012 | D:2      | Reached XP level 3. HP: 22/23 MP: 3/3
  1674 | D:3      | Found a faded altar of an unknown god.
  2106 | D:3      | Reached XP level 4. HP: 28/28 MP: 4/4
  2124 | D:3      | Reached skill level 5 in Unarmed Combat
  2134 | D:3      | Noticed an ogre
  2165 | D:3      | Killed an ogre
  2165 | D:3      | Reached skill level 6 in Unarmed Combat
  2165 | D:3      | Reached XP level 5. HP: 12/32 MP: 5/5
  2302 | D:4      | Reached XP level 6. HP: 37/37 MP: 6/6
  2342 | D:4      | Reached skill level 1 in Armour
  2371 | D:4      | Reached skill level 7 in Unarmed Combat
  2456 | D:4      | Reached XP level 7. HP: 36/41 MP: 7/7
  2991 | D:4      | Found a burning altar of Makhleb.
  3060 | D:5      | Entered Level 5 of the Dungeon
  3108 | D:5      | Found a shimmering blue altar of Sif Muna.
  3227 | D:5      | Reached skill level 8 in Unarmed Combat
  3470 | D:5      | Reached XP level 8. HP: 48/48 MP: 8/8
  3758 | D:5      | Reached skill level 9 in Unarmed Combat
  4023 | D:6      | Reached skill level 5 in Fighting
  4247 | D:4      | Identified 2 scrolls of acquirement
  4249 | D:4      | Acquired the ring "Reastri" {rN+ MR+ Dex+3}
  4254 | D:4      | Acquired 1004 gold pieces
  4898 | D:6      | Found an opulent altar of Gozag.
  5017 | D:6      | Noticed a gargoyle
  5031 | D:6      | Killed a gargoyle
  5031 | D:6      | Reached skill level 10 in Unarmed Combat
  5031 | D:6      | Reached XP level 9. HP: 21/55 MP: 9/9
  5151 | D:6      | Found a staircase to the Ecumenical Temple.
  5446 | Temple   | Entered the Ecumenical Temple
  5909 | D:7      | Noticed a hornet
  5925 | D:7      | Killed a hornet
  5978 | D:7      | Noticed Duvessa
  5979 | D:7      | Noticed Dowan
  5990 | D:7      | Killed Dowan
  5994 | D:7      | Killed Duvessa
  6308 | D:7      | Reached skill level 11 in Unarmed Combat
  6402 | D:7      | Found a glowing silver altar of Zin.
  6431 | D:7      | Noticed a hornet
  6441 | D:7      | Killed a hornet
  6971 | D:7      | Found a runed translucent door.
  6972 | D:7      | Noticed Crazy Yiuf
  6981 | D:7      | Killed Crazy Yiuf
  7086 | D:8      | Found Wentu Quyffe's Armour Shoppe.
  7172 | D:8      | Found Jiur's Magic Scroll Boutique.
  7176 | D:8      | Bought a scroll of teleportation for 36 gold pieces
  7176 | D:8      | Bought a scroll of blinking for 90 gold pieces
  7176 | D:8      | Bought a scroll of blinking for 90 gold pieces
  7176 | D:8      | Bought a scroll of teleportation for 36 gold pieces
  7180 | D:8      | Found Duimal's Gadget Shoppe.
  7205 | D:8      | Bought a wand of paralysis (6) for 96 gold pieces
  7240 | D:8      | Found a broken altar of Ashenzari.
  7445 | D:8      | Reached XP level 10. HP: 49/64 MP: 10/10
  7456 | D:8      | Reached skill level 12 in Unarmed Combat
  7542 | D:8      | Found Cikhli's Armour Shoppe.
  7550 | D:8      | Bought a +1 chain mail of fire resistance for 247 gold
                  | pieces
  7858 | D:9      | Found Oshraott's Book Emporium.
  7876 | D:9      | Found a blossoming altar of Fedhas.
  7876 | D:9      | Found an iron altar of Okawaru.
  7957 | D:9      | Found a staircase to the Lair.
  7976 | D:9      | Found a basalt altar of Yredelemnul.
  8095 | D:9      | Found a flagged portal.
  8113 | Bailey   | Entered a bailey
  8497 | D:9      | Reached skill level 1 in Evocations
  9123 | D:9      | Reached skill level 13 in Unarmed Combat
  9287 | D:9      | Became a worshipper of Warmaster Okawaru
  9287 | D:9      | Reached * piety under Okawaru
  9287 | D:9      | Reached ** piety under Okawaru
  9322 | Lair:1   | Entered Level 1 of the Lair of Beasts
  9697 | Lair:1   | Reached *** piety under Okawaru
  9697 | Lair:1   | Reached XP level 11. HP: 21/69 MP: 11/11
 10145 | Lair:2   | Reached skill level 14 in Unarmed Combat
 10166 | Lair:2   | Reached **** piety under Okawaru
 10339 | Lair:2   | Reached skill level 5 in Evocations
 10367 | Lair:2   | Found a staircase to the Swamp.
 10566 | Lair:2   | Found a runed translucent door.
 10796 | Lair:2   | Reached ***** piety under Okawaru
 10796 | Lair:2   | Reached skill level 1 in Invocations
 10805 | Lair:2   | Reached skill level 1 in Throwing
 10807 | Lair:2   | Received a gift from Okawaru
 11240 | Lair:2   | Got a pitted hat
 11241 | Lair:2   | Identified the cursed +0 hat "Yhocwy" {+Blink Regen+} (You
                  | found it on level 2 of the Lair of Beasts)
 11279 | Lair:2   | Noticed a boulder beetle
 11280 | Lair:2   | Noticed a boulder beetle
 11405 | Lair:3   | Reached skill level 15 in Unarmed Combat
 11422 | Lair:3   | Reached XP level 12. HP: 52/75 MP: 14/14
 12189 | Lair:4   | Noticed a boulder beetle
 12210 | Lair:4   | Killed a boulder beetle
 12279 | Lair:4   | Noticed Sonja
 12285 | Lair:4   | Killed Sonja
 12430 | Lair:4   | Found a large runed translucent door.
 12430 | Lair:4   | Found a large runed translucent door.
 12629 | Lair:4   | Found a staircase to the Snake Pit.
 12834 | Lair:4   | Noticed Froggeryz's ghost (journeyman GrMo)
 12852 | Lair:4   | Killed Froggeryz's ghost
 12852 | Lair:4   | Received a gift from Okawaru
 13027 | Lair:5   | Reached skill level 5 in Armour
 13027 | Lair:5   | Reached skill level 16 in Unarmed Combat
 13593 | Lair:6   | Entered Level 6 of the Lair of Beasts
 13641 | Lair:6   | Noticed an eight-headed hydra
 13653 | Lair:6   | Killed an eight-headed hydra
 13653 | Lair:6   | Reached skill level 5 in Throwing
 13706 | Lair:6   | Found a staircase to the Slime Pits.
 13707 | Lair:6   | Found a viscous altar of Jiyva.
 13775 | Lair:6   | Reached skill level 1 in Shields
 13783 | Lair:6   | Reached XP level 13. HP: 64/80 MP: 16/16
 13849 | Lair:6   | Reached skill level 5 in Shields
 13954 | Lair:6   | Received a gift from Okawaru
 14084 | Lair:6   | Reached ****** piety under Okawaru
 14084 | Lair:6   | Received a gift from Okawaru
 14235 | Lair:6   | Reached skill level 10 in Shields
 14366 | Lair:6   | Received a gift from Okawaru
 14388 | Lair:6   | Gained mutation: Your large and strong wings let you fly
                  | indefinitely. [Gargoyle growth]
 14388 | Lair:6   | Reached XP level 14. HP: 68/84 MP: 17/17
 14546 | Lair:6   | Got a spiked scale mail {god gift}
 14547 | Lair:6   | Identified the +1 scale mail "Gech" {Str-5 Dex+3 SInv}
                  | (Okawaru gifted it to you on level 6 of the Lair of Beasts)
 15234 | D:10     | Entered Level 10 of the Dungeon
 15441 | D:10     | Noticed Urug
 15453 | D:10     | Killed Urug
 16032 | D:11     | Reached skill level 17 in Unarmed Combat
 16076 | D:11     | Identified the +1 robe of Chill Winds {rF+}
 16179 | D:11     | Got a spiked cloak
 16194 | D:10     | Identified the cursed -3 cloak of the Furrier {Str+7
                  | Slay+2} (You found it on level 11 of the Dungeon)
 16344 | D:11     | Found a staircase to the Orcish Mines.
 16417 | D:11     | Found a sparkling altar of Nemelex Xobeh.
 16789 | Orc:1    | Entered Level 1 of the Orcish Mines
 16795 | Orc:1    | Noticed Fannar
 16809 | Orc:1    | Reached XP level 15. HP: 51/94 MP: 18/18
 16821 | Orc:1    | Killed Fannar
 16907 | Orc:1    | Found Wuol's Jewellery Boutique.
 17108 | Orc:1    | Found a dark tunnel.
 17113 | Volcano  | Entered a volcano
 17237 | Volcano  | Found a burning altar of Makhleb.
 17464 | Orc:2    | Entered Level 2 of the Orcish Mines
 17633 | Orc:2    | Received a gift from Okawaru
 17666 | Orc:2    | Found Xutam's Distillery.
 17712 | Orc:2    | Bought a potion of heal wounds for 60 gold pieces
 17712 | Orc:2    | Bought 2 potions of heal wounds for 120 gold pieces
 17712 | Orc:2    | Bought 2 potions of heal wounds for 120 gold pieces
 17717 | Orc:2    | Found Heuvouk's Armour Shop.
 17808 | Orc:2    | Found a roughly hewn altar of Beogh.
 17891 | Orc:2    | Found a staircase to the Elven Halls.
 17914 | Orc:2    | Found Esubil's Magic Scroll Emporium.
 18081 | Orc:2    | Found Ypho Wen's Antique Weapon Shop.
 18081 | Orc:2    | Found Budyewn's Jewellery Shoppe.
 18096 | Orc:2    | Bought an uncursed amulet of reflection for 330 gold pieces
 18424 | Orc:1    | Found Wytouh's Jewellery Emporium.
 18460 | Orc:1    | Found Woxzacke's Distillery.
 18494 | Orc:1    | Bought a potion of might for 60 gold pieces
 18494 | Orc:1    | Bought a potion of haste for 150 gold pieces
 18494 | Orc:1    | Bought a potion of mutation for 120 gold pieces
 18494 | Orc:1    | Bought a potion of curing for 45 gold pieces
 18494 | Orc:1    | Bought a potion of mutation for 120 gold pieces
 18494 | Orc:1    | Bought a potion of might for 60 gold pieces
 19032 | D:12     | Reached XP level 16. HP: 95/101 MP: 19/19
 19552 | D:12     | Received a gift from Okawaru
 20596 | D:14     | Reached skill level 10 in Armour
 20818 | D:14     | Found a frozen archway.
 20829 | IceCv    | Entered an ice cave
 21826 | D:14     | Found a gate to the Vaults.
 21833 | D:14     | Received a gift from Okawaru
 22169 | D:14     | Reached skill level 15 in Shields
 22618 | Swamp:1  | Entered Level 1 of the Swamp
 22635 | Swamp:1  | Upgraded the game from 0.26-a0-707-g31817bcca1 to
                  | 0.26-a0-708-g17f3b190f9
 22635 | Swamp:1  | Noticed a thorn hunter
 22647 | Swamp:1  | Killed a thorn hunter
 22700 | Swamp:1  | Noticed Josephine
 22711 | Swamp:1  | Killed Josephine
 22892 | Swamp:1  | Reached XP level 17. HP: 100/109 MP: 20/20
 23158 | Swamp:1  | Received a gift from Okawaru
 23158 | Swamp:1  | Reached skill level 1 in Spellcasting
 23894 | Swamp:2  | Reached skill level 18 in Unarmed Combat
 24586 | Swamp:3  | Reached skill level 5 in Spellcasting
 25174 | Swamp:4  | Entered Level 4 of the Swamp
 25547 | Swamp:3  | Received a gift from Okawaru
 25964 | Swamp:4  | Reached skill level 15 in Fighting
 25980 | Swamp:4  | Slain by a shambling mangrove

Illustrated notes

Levels and vault maps discovered:
D:1:      tarquinn_simple_flora_water_b, layout_basic
D:2:      layout_basic
D:3:      layout_basic, chequers_ecumenical_altar_simple, minmay_ogre_servants
D:4:      layout_loops_ring, lemuel_coloured_pillars_altar,
          guppyfry_early_lair_pool
D:5:      layout_basic, nicolae_overflow_hidden_temple
D:6:      layout_layer_cave, grunt_gozag_breadcrumbs, minmay_temple_entry_fiery,
          minmay_tree_intersection, kennysheep_small_square
D:7:      layout_basic, zin_scriptorium, uniq_duvessa, uniq_crazy_yiuf_cottage
D:8:      layout_basic, cheibrodos_ashenzari_chains, serial_shops, shop, shop,
          shop, nicolae_shop_stone
D:9:      layout_basic, gammafunk_temple_overflow_elements,
          erik_lair_orcish_takeover, enter_bailey_7, serial_shops, shop_statue,
          basic_altar
D:10:     layout_gridville, uniq_urug
D:11:     layout_loops_cross, erik_orc_4, minmay_misc_feat_cross,
          nemelex_xobeh_ov_fountains_minmay
D:12:     layout_basic, special_room [special_room_bee], kennysheep_donut
D:13:     layout_loops_ring
D:14:     layout_long_grid, grunt_vaults_entry_tiered, serial_bayou,
          serial_bayou_pond_a, serial_bayou_pond_e, serial_bayou_shore_a,
          serial_bayou_ford_a, serial_bayou_lagoon_b, serial_bayou_pond_d,
          portal_ice_cave_entry_pillars_1
Temple:   regret_index_temple_generic_petals
Lair:1:   layout_gridlike
Lair:2:   gammafunk_indiana_jones, layout_small_grid, swamp_mist_pool,
          grunt_megastairs_1
Lair:3:   layout_chaotic_city, beast_lair_carwin_4
Lair:4:   layout_small_grid, dummy_snake_entry, ebering_ghost_disaster_area,
          beast_lair_carwin_5, lemuel_fruit_fields, uniq_sonja
Lair:5:   layout_regular_city, serial_forest, infiniplex_forest_end_3,
          infiniplex_forest_lined_corner, infiniplex_forest_clump_C,
          infiniplex_forest_clump_double, infiniplex_forest_diagonal,
          infiniplex_forest_clump_diagonal, infiniplex_forest_straight_3,
          infiniplex_forest_corner_1, roderic_batcave, minivault_25
Lair:6:   minmay_lair_end_enchanted_forest, layout_regular_city, slime_altar_1,
          serial_bayou_pond_d, lemuel_fruit_tree
Swamp:1:  layout_falls_marsh, serial_swamp_ruin, evilmike_swamp_ruin_house_5,
          evilmike_swamp_ruin_house_3, hangedman_swamp_ruin_wall, swamp_pool2,
          lightli_tree_ring, infiniplex_staircase_pool, uniq_josephine
Swamp:2:  layout_falls_marsh, evilmike_swamp_ruin_house_1, swamp_pool5,
          infiniplex_staircase_pool_2
Swamp:3:  layout_basic_swamp, nicolae_swamp_trees_clearing, swamp_pool3
Swamp:4:  swamp, layout_basic_swamp
Orc:1:    layout_diamond_mine, serial_shops, shop, shop, shop_fountains,
          enter_volcano_4, uniq_fannar
Orc:2:    st_orc_town, layout_caves, serial_shops, shop

Skill      XL: |  1  2  3  4  5  6  7  8  9 10 11 12 13 14 15 16 17 |
---------------+----------------------------------------------------+-----
Unarmed Combat | 4 6 7 8 10 11 13 15 16 17 18 | 18.7
Armour         | 2 3 5 6 7 8 10 | 10.0
Fighting       | 4 6 7 8 11 12 13 15 | 15.0
Evocations     | 3 5 |  5.1
Invocations    | 3 4 |  4.0
Throwing       | 2 5 |  5.0
Shields        | 2 11 12 15 | 15.0
Spellcasting   | 8 |  8.3
Dodging        | |  2.4
Stealth        | |  2.1

Action                   |  1- 3 |  4- 6 |  7- 9 | 10-12 | 13-15 | 16-18 || total
-------------------------+-------+-------+-------+-------+-------+-------++-------
Melee: Unarmed           |   133 |   129 |   481 |   849 |  1260 |  1321 ||  4173
       Punch             |     2 |     6 |    19 |    63 |    12 |       ||   102
Throw: Javelin           |       |       |       |       |     6 |       ||     6
Invok: Heroism           |       |       |       |     1 |     1 |       ||     2
 Abil: Fly               |       |       |       |       |     1 |       ||     1
Evoke: Wand              |       |       |       |     6 |     4 |       ||    10
  Use: Potion            |       |     2 |       |       |     3 |     2 ||     7
       Scroll            |       |       |    10 |    18 |     4 |     4 ||    36
 Stab: Sleeping          |    16 |       |     5 |       |       |       ||    21
       Paralysed         |       |       |       |     3 |     3 |       ||     6
       Confused          |       |       |       |       |       |     1 ||     1
Armor: Robe              |    17 |       |       |       |       |       ||    17
       Leather armour    |    20 |       |       |       |       |       ||    20
       Ring mail         |     8 |    42 |   102 |       |       |       ||   152
       Scale mail        |       |       |   110 |    12 |       |       ||   122
       Chain mail        |       |       |       |   514 |   739 |   791 ||  2044
Dodge: Dodged            |    69 |    60 |   223 |   317 |   474 |   413 ||  1556
Block: Buckler           |       |       |       |       |   371 |   295 ||   666
       Reflection        |       |       |       |       |    10 |    25 ||    35
       Kite shield       |       |       |       |       |       |   945 ||   945

Table legend: (Time is in decaauts)
 A = Elapsed time spent in this place.
 B = Non-inter-level travel time spent in this place.
 C = Inter-level travel time spent in this place.
 D = Time resting spent in this place.
 E = Time spent auto-exploring this place.
 F = Levels seen in this place.
 G = Mean time per level.
                   A        B        C        D        E       F      G
               +--------+--------+--------+--------+--------+-----+--------+
         Total |  24851 |  23439 |   1412 |   2272 |  14700 |  30 |  828.4 |
       Dungeon |  13007 |  12135 |    872 |    820 |   8310 |  14 |  929.1 |
        Temple |    219 |    198 |     21 |      0 |    197 |   1 |  219.0 |
          Lair |   5635 |   5293 |    342 |    525 |   3417 |   6 |  939.2 |
         Swamp |   3151 |   3088 |     63 |    602 |   1649 |   4 |  787.8 |
  Orcish Mines |   1542 |   1428 |    114 |    107 |    776 |   2 |  771.0 |
        Bailey |    259 |    259 |      0 |      0 |    122 |   1 |  259.0 |
      Ice Cave |    727 |    727 |      0 |    153 |    229 |   1 |  727.0 |
       Volcano |    308 |    308 |      0 |     64 |      0 |   1 |  308.0 |
               +--------+--------+--------+--------+--------+-----+--------+

Top non-repeatable levels by time:
     D:6: 1631 daAuts
  Lair:6: 1365 daAuts
  Lair:2: 1344 daAuts
     D:9: 1283 daAuts
    D:14: 1114 daAuts
     D:7: 1109 daAuts
 Swamp:3: 965 daAuts
 Swamp:2: 900 daAuts
   Orc:2: 898 daAuts
 Swamp:1: 896 daAuts
    D:12: 893 daAuts
     D:5: 890 daAuts
     D:1: 884 daAuts
     D:4: 837 daAuts
    D:10: 832 daAuts
